 Dungeon Crawl Stone Soup version 0.17-a0-1069-g92ad481 (webtiles) character file.

101 abixa the Firebug (level 4, -1/33 HPs)
             Began as a Hill Orc Fire Elementalist on May 17, 2015.
             Was an Initiate of Makhleb.
             Slain by an iguana (2 damage)
             ... on level 2 of the Dungeon.
             The game lasted 00:04:29 (1706 turns).

abixa the Firebug (Hill Orc Fire Elementalist)      Turns: 1706, Time: 00:04:30

Health: -1/33      AC:  2    Str: 10    XL:     4   Next: 75%
Magic:  3/6        EV: 12    Int: 16    God:    Makhleb [......]
Gold:   118        SH:  0    Dex: 11    Spells: 2 memorised, 3 levels left

rFire  . . .     SeeInvis .     d - +0 mace
rCold  . . .     Clarity  .     a - +0 robe
rNeg   . . .     SustAb   .     (no shield)
rPois  .         Gourm    .     (no helmet)
rElec  .         Spirit   .     (no cloak)
rCorr  .         Warding  .     (no gloves)
rMut   .         Stasis   .     (no boots)
MR     .....                    (no amulet)
Stlth  ++........               (no ring)
                                (no ring)

@: very slightly contaminated, not resistant to hostile enchantments, unstealthy
A: no striking features
a: Renounce Religion


You were on level 2 of the Dungeon.
You worshipped Makhleb.
Makhleb was noncommittal.
You were not hungry.

You visited 1 branch of the dungeon, and saw 3 of its levels.

You collected 118 gold pieces.

Inventory:

Hand weapons
 d - a +0 mace (weapon)
 h - a +0 hunting sling
 n - a cursed -2 spear
Missiles
 l - 16 poisoned needles
 m - 24 stones (quivered)
 o - 27 sling bullets
Armour
 a - a +0 robe (worn)
Scrolls
 e - a scroll of remove curse {unknown}
 g - 2 scrolls of immolation {unknown}
 i - 2 scrolls of magic mapping {unknown}
 q - a scroll of identify {unknown}
Potions
 f - a potion of flight {unknown}
 j - a potion of mutation {unknown}
 k - a potion of curing {unknown}
Books
 b - a book of Flames

   Spells                             Type                      Level
   a - Flame Tongue                   Conjuration/Fire             1
   b - Throw Flame                    Conjuration/Fire             2
   c - Conjure Flame                  Conjuration/Fire             3
   d - Inner Flame                    Hexes/Fire                   3
   e - Sticky Flame                   Conjuration/Fire             4
   f - Fireball                       Conjuration/Fire             5
Comestibles
 c - 3 bread rations
 p - 3 chunks of flesh


   Skills:
 - Level 1.5 Dodging
 - Level 1.5 Stealth
 - Level 1.5 Spellcasting
 + Level 3.8 Conjurations
 + Level 4.1 Fire Magic


You had 3 spell levels left.
You knew the following spells:

 Your Spells              Type           Power        Failure   Level  Hunger
a - Flame Tongue          Conj/Fire      ##...        6%          1    ##.....
b - Throw Flame           Conj/Fire      ##....       10%         2    ###....


Dungeon Overview and Level Annotations

Branches:
Dungeon (3/15)

Altars:
Makhleb


Message History

Aim: an iguana You miscast Flame Tongue.
You are very lightly contaminated with residual magic.
Sparks fly from your hands! The iguana barely misses you.
Casting: Flame Tongue
Confirm with . or Enter, or press ? or * to list all spells.
Aiming: Flame Tongue
Press: ? - help, Shift-Dir - straight line, f/p - iguana
Aim: an iguana The flame tongue misses the iguana.
The iguana bites you!
* * * LOW HITPOINT WARNING * * *
Casting: Flame Tongue
Confirm with . or Enter, or press ? or * to list all spells.
Aiming: Flame Tongue
Press: ? - help, Shift-Dir - straight line, f/p - iguana
Aim: an iguana The flame tongue hits the iguana.
The iguana is lightly wounded.
The iguana bites you.
You die...

#.........##.....# #####
#.....)...++.....####....
#.........#+.............
#..........<.............
#.....#)................. #####
#.....#.......#.#........
#...#####.....#÷###'#.#.#......##
#.............#l....#.#.#......##
##........######@............#+#..
#.................####.#.....#.#..
#......##.....##.....#.#.....#.'..
#.............'......#.#.#'#####..
#..........÷..#......#...#..#.....
#######......##......#...##.#.....
#####............................
#.....................#.....##...
###.....................#......+...


You could see an iguana.

Vanquished Creatures
  A hound (D:2)
  3 gnolls
  A worm (D:2)
  4 bats
  5 giant cockroaches
  6 goblins
  3 hobgoblins (D:1)
  2 jackals (D:1)
  4 kobolds
  A ball python (D:1)
  A giant newt (D:1)
  4 rats
35 creatures vanquished.

Notes
Turn   | Place    | Note
--------------------------------------------------------------
     0 | D:1      | abixa the Hill Orc Fire Elementalist began the quest for the Orb.
     0 | D:1      | Reached XP level 1. HP: 14/14 MP: 3/3
   127 | D:1      | You fall through a shaft!
   129 | D:2      | Reached XP level 2. HP: 15/20 MP: 1/4
   141 | D:1      | Learned a level 2 spell: Throw Flame
   875 | D:2      | Reached XP level 3. HP: 13/26 MP: 5/5
  1074 | D:2      | Found a burning altar of Makhleb.
  1074 | D:2      | Noticed a hound
  1079 | D:2      | Killed a hound
  1079 | D:2      | Reached XP level 4. HP: 26/33 MP: 0/6
  1141 | D:2      | Became a worshipper of Makhleb the Destroyer
  1500 | D:3      | Reached skill level 4 in Fire Magic
  1705 | D:2      | HP: 1/33 [iguana (10)]
  1706 | D:2      | Slain by an iguana

Vault maps used:
D:1:      minmay_arrival_cross
D:2:      first_bread, makhleb_blood_cavern_becter
D:3:      lemuel_coloured_pillars_altar, uniq_sigmund

Action                   |  1- 3 |  4- 6 || total
-------------------------+-------+-------++-------
Melee: Dagger            |     9 |       ||     9
       Unarmed           |     1 |       ||     1
       Mace              |    54 |    17 ||    71
 Cast: Flame Tongue      |    18 |    14 ||    32
 Stab: Sleeping          |       |     1 ||     1
  Eat: Chunk             |     1 |     2 ||     3
